 Dungeon Crawl Stone Soup version 0.21-a0-414-gba8bdf1 (webtiles) character file.

23 aznt00th the Cudgeler (level 2, -17/29 HPs)
             Began as a Troll Monk on Nov 2, 2017.
             Killed from afar by a worm (30 damage)
             ... with an exploding inner flame
             ... hexed by the player character
             ... on level 2 of the Dungeon.
             The game lasted 00:13:47 (1296 turns).

aznt00th the Cudgeler (Troll Monk)                  Turns: 1296, Time: 00:13:48

Health: -17/29     AC:  5    Str: 18    XL:     2   Next: 75%
Magic:  1/1        EV: 10    Int:  6    God:
Gold:   59         SH:  0    Dex: 12    Spells: 1/1 levels left

rFire    . . .     SeeInvis .   a - +1 mace
rCold    . . .     Gourm    +   (no shield)
rNeg     . . .     Faith    .   b - +0 robe
rPois    .         Spirit   .   (helmet restricted)
rElec    .         Reflect  .   (no cloak)
rCorr    .         Harm     .   (gloves unavailable)
MR       .....                  (boots unavailable)
Stlth    ++........             (no amulet)
HPRegen  0.49/turn              (no ring)
MPRegen  0.07/turn              (no ring)

@: no status effects
A: unfitting armour, claws 3, fast metabolism 3, gourmand, regeneration 1,
shaggy fur 1, tough skin 2
a: no special abilities


You were on level 2 of the Dungeon.
You were not hungry.

You visited 1 branch of the dungeon, and saw 2 of its levels.

You collected 59 gold pieces.

Inventory:

Hand Weapons
 a - a +1 mace (weapon)
 d - a +0 hunting sling
 e - a +0 club
 f - a +0 club
 g - a +0 club
 h - a +0 club
 i - a +0 dagger
 k - a +0 club
 l - a +0 club
 p - a +0 hand axe
 z - a +0 whip
Missiles
 c - 10 poisoned needles
 r - 44 arrows
 t - 19 stones (quivered)
Armour
 b - a +0 robe (worn)
 j - a +0 pair of boots
 m - a +0 leather armour
 n - a +0 chain mail
 o - a +0 scale mail
Scrolls
 x - 2 scrolls of remove curse {unknown}
 y - 2 scrolls of identify {unknown}
Potions
 q - a potion of magic {unknown}
 s - a potion of heal wounds {unknown}
 u - a potion of ambrosia {unknown}
Comestibles
 A - a chunk of flesh


   Skills:
 + Level 2.7 Fighting
 + Level 3.1 Maces & Flails
 + Level 2.6 Dodging
 + Level 1.1 Stealth


You had one spell level left.
You didn't know any spells.

Dungeon Overview and Level Annotations

Branches:
Dungeon (2/15)

Altars:


Innate Abilities, Weirdness & Mutations

You are too large for most types of armour.
You have claws for hands.
Your metabolism is lightning-fast.
You like to eat raw meat.
Your natural rate of healing is unusually fast.
You are covered in fur. (AC +1)
You have very tough skin. (AC +2)


Message History

You throw a stone. The stone barely misses the worm.
As you read the scroll labeled QAHO IDIPT, it crumbles to dust.
It is a scroll of enchant weapon.
Really abort (and waste the scroll)?
Uppercase [Y]es or [N]o only, please.
Really abort (and waste the scroll)?
Your +0 mace glows red for a moment.
As you read the scroll labeled KUYKIRH CAYCU, it crumbles to dust.
The creatures around you are filled with an inner flame!
It was a scroll of immolation.
You hit the worm.
The worm is lightly wounded.
The worm bites you.
You hit the worm.
The worm is heavily wounded.
You thump the worm!
The worm explodes!
The fiery explosion engulfs you!
Ouch! That really hurt!
You die...

##.#####.#
#..........#
.........#
##.####.#####
#.#.######
###...#...#
.###..
#...........
. ###
#.#...#.####
. #.##.##.# .
#.##.##.# .
#.##.##.# .
#@##.##.##
#ยง##.....
#.####.#
#.....#
#.####.# ##.#
.# #..# .#
#..# .# #.(#
..


There were no monsters in sight!

Vanquished Creatures
  A dart slug (D:1)
  A bat (D:1)
  2 giant cockroaches
  5 goblins (D:1)
  4 hobgoblins (D:1)
  A quokka (D:2)
  A frilled lizard (D:1)
  4 rats
  6 plants (D:1)
25 creatures vanquished.

Notes
Turn   | Place    | Note
-------+----------+-------------------------------------------
     0 | D:1      | aznt00th the Troll Monk began the quest for the Orb.
     0 | D:1      | Reached XP level 1. HP: 22/22 MP: 0/0
   529 | D:1      | Reached XP level 2. HP: 27/29 MP: 1/1
   691 | D:1      | Reached skill level 3 in Maces & Flails
  1296 | D:2      | Killed from afar by a worm

Vault maps used:
D:1:      roderic_crop_circles_arrival_small, corexii_leaking_fountain,
          minmay_heptomino_h4
D:2:      amethyst_overflow_temple_binary

Skill      XL: |  1  2 |
---------------+-------+-----
Maces & Flails | 3 |  3.1
Fighting       | |  2.7
Dodging        | |  2.6
Stealth        | |  1.1

Action                   || total
-------------------------++-------
Melee: Mace              ||   316
Throw: Stone             ||    22
  Use: Scroll            ||     3
  Eat: Bread ration      ||     2
       Chunk             ||     2
Armor: Robe              ||    24
Dodge: Dodged            ||    41

Table legend:
 A = Spawn XP
 B = Non-spawn XP
 C = Spawn XP percentage of total XP
 D = Spawn monster count
 E = Non-spawn monster count
 F = Spawn count percentage of total count
 G = Total turns spent on level
                    A         B        C        D         E        F      G
               +---------+---------+-------+---------+---------+-------+---------
         Total |       0 |      34 |   0.0 |       0 |      19 |   0.0 |  1296
               +---------+---------+-------+---------+---------+-------+---------
           D:1 |       0 |      28 |   0.0 |       0 |      15 |   0.0 |  1067
           D:2 |       0 |       6 |   0.0 |       0 |       4 |   0.0 |   229
               +---------+---------+-------+---------+---------+-------+---------
